 Dungeon Crawl Stone Soup version 0.30-a0-777-ga9a30cbeda (webtiles) character file.

Game seed: 11003243681722437848

245 sircluck the Covert (level 5, 0/26 HPs)
             Began as a Spriggan Brigand on Feb 13, 2023.
             Slain by a wraith (8 damage)
             ... in an ossuary.
             The game lasted 00:09:50 (3805 turns).

sircluck the Covert (Spriggan Brigand)              Turns: 3805, Time: 00:09:50

Health: 0/26       AC:  4    Str:  7    XL:     5   Next: 83%
Magic:  6/6        EV: 17    Int: 12    God:
Gold:   158        SH:  0    Dex: 19    Spells: 1/4 levels left

rFire   . . .      SeeInvis +    a - +2 dagger
rCold   . . .      Faith    .    (no shield)
rNeg    . . .      Spirit   .    E - +1 robe of Kulo {rElec Archmagi}
rPois   .          Reflect  .    (helmet restricted)
rElec   +          Harm     .    c - +0 cloak
rCorr   .          Rampage  .    (gloves unavailable)
Will    .....      Archmagi +    (boots unavailable)
Stlth   ++++                     (no amulet)
HPRegen 0.24/turn                (no ring)
MPRegen 0.10/turn                (no ring)

@: slowed, quick
A: very small, no large weapons, unfitting armour, see invisible, speed 3
a: no special abilities


You were in an ossuary.
You visited 1 branch of the dungeon, and saw 5 of its levels.
You also visited: Ossuary.

You collected 158 gold pieces.

Inventory:

Hand Weapons
 a - a +2 dagger (weapon)
Missiles
 d - 15 poisoned darts (quivered)
 e - 3 curare-tipped darts
Armour
 b - a +0 robe
 c - a +0 cloak (worn)
 h - a +1 robe of fire resistance
 m - +0 ice dragon scales
 E - the +1 robe of Kulo (worn) {rElec Archmagi}
   (You found it on level 3 of the Dungeon)

   rElec:     It insulates you from electricity.
   Archmagi:  It increases the power of your magical spells.
Jewellery
 C - a +6 ring of intelligence
 G - a +5 ring of evasion
 I - a ring of protection from fire
Scrolls
 g - 3 scrolls of torment {unknown}
 k - a scroll of amnesia {unknown}
 l - 8 scrolls of identify {unknown}
 n - a scroll of fear {unknown}
 o - 2 scrolls of immolation {unknown}
 p - 6 scrolls of teleportation {unknown}
 r - 2 scrolls of fog {unknown}
 u - 2 scrolls of enchant armour {unknown}
 v - 2 scrolls of enchant weapon {unknown}
 x - a scroll of brand weapon {unknown}
 y - a scroll of butterflies {unknown}
 A - a scroll of vulnerability {unknown}
 D - 4 scrolls of magic mapping {unknown}
 F - a scroll of noise {unknown}
Potions
 f - a potion of haste {unknown}
 i - a potion of ambrosia {unknown}
 j - 3 potions of curing {unknown}
 q - a potion of cancellation {unknown}
 s - 2 potions of brilliance {unknown}
 t - 3 potions of might {unknown}
 w - 4 potions of invisibility {unknown}
 z - 2 potions of lignification {unknown}
 B - 2 potions of degeneration {unknown}
 H - 2 potions of heal wounds {unknown}
 J - a potion of flight {unknown}


   Skills:
 + Level 2.0 Fighting
 + Level 3.3 Short Blades
 + Level 3.2 Throwing
 + Level 2.3 Dodging
 + Level 8.8 Stealth


You had one spell level left.
You knew the following spells:

 Your Spells              Type           Power      Damage    Failure   Level
a - Searing Ray           Conj           0%         2d4       45%         2
b - Kiss of Death         Conj/Necr      0%         2d5       32%         1

Your spell library contained the following spells:

 Spells                   Type           Power      Damage    Failure   Level
 Magic Dart               Conj           0%         1d3       32%         1
 Ensorcelled Hibernation  Hex/Ice        0%         N/A       45%         2
 Scorch                   Fire           0%         2d5       45%         2
 Confusing Touch          Hex            0%         N/A       69%         3
 Spider Form              Tmut/Pois      0%         N/A       69%         3
 Anguish                  Hex/Necr       0%         N/A       97%         4
 Dispel Undead            Necr           0%         3d6       97%         4
 Flame Wave               Conj/Fire      0%         2d4       97%         4
 Fulminant Prism          Conj/Hex       0%         3d5       97%         4
 Summon Cactus Giant      Summ           0%         N/A       100%        6


Dungeon Overview and Level Annotations

Branches:
Dungeon (5/15)            Ossuary (1/1)
 Temple: D:4-7

Altars:
Ashenzari
Cheibriados
Fedhas
Hepliaklqana


Innate Abilities, Weirdness & Mutations

You are very small and have problems with some larger weapons.
You are too small for most types of armour.
You have supernaturally acute eyesight. (SInv)
You cover ground extremely quickly. (Speed+++)


Message History

You feel yourself speed up.
d - a poisoned dart
d - 2 poisoned darts (gained 1)
d - 3 poisoned darts (gained 1)
d - 4 poisoned darts (gained 1)
d - 5 poisoned darts (gained 1)
d - 6 poisoned darts (gained 1)
d - 7 poisoned darts (gained 1)
d - 11 poisoned darts (gained 4)
d - 12 poisoned darts (gained 1)
d - 13 poisoned darts (gained 1)
d - 14 poisoned darts (gained 1)
d - 15 poisoned darts (gained 1)
e - a curare-tipped dart
e - 2 curare-tipped darts (gained 1)
e - 3 curare-tipped darts (gained 1)
The wraith barely misses you.
You hit the wraith but do no damage. You hit the wraith but do no damage.
The wraith completely misses you.
You hit the wraith but do no damage. The wraith hits you.
The wraith drains your vigour!
You feel yourself slow down.
You hit the wraith but do no damage. The wraith closely misses you.
You hit the wraith but do no damage. The wraith hits you!
Ouch! That really hurt!
The wraith drains your vigour!
You feel as though you will be slow longer.
The wraith hits you but does no damage.
You hit the wraith but do no damage. The wraith hits you.
You hit the wraith.
The wraith is lightly damaged.
The wraith misses you.
You hit the wraith but do no damage.
The wraith is lightly damaged.
The wraith hits you but does no damage.
You hit the wraith but do no damage.
The wraith is lightly damaged.
The wraith hits you. The wraith drains your vigour!
You feel as though you will be slow longer.
The wraith hits you!
You die...

#############'''#####
#....................
#....................
#..###..###..###..###
#..#.#..#.#..#.#..#.#
#..#'#..#'#..#'#..#'#
#..#.#..#.#..#.#..#.#
#....................
#...@W...............
#..####...(..###.....
#..#.'...8...#.#...8.
#..####....(.#'#.....
#...........(#.#.....
#............(.......
#..####.####..(..####
#..#.'..#.'...8...'.#
#..####.####.....####


You could see a wraith.

Vanquished Creatures
  A phantom (D:4)
  An orc wizard (D:3)
  3 mummies (Ossuary)
  3 adders
  A worm (D:2)
  A dart slug (D:3)
  3 orcs
  7 bats
  5 endoplasms
  2 giant cockroaches
  5 hobgoblins
  11 kobolds
  2 quokkas
  2 ball pythons
  6 frilled lizards
  A gnoll zombie (Ossuary)
  5 goblins
  2 goblin zombies (Ossuary)
  5 hobgoblin zombies (Ossuary)
  A kobold zombie (Ossuary)
  6 rats
73 creatures vanquished.

Notes
Turn   | Place    | Note
-------+----------+-------------------------------------------
     0 | D:1      | sircluck the Spriggan Brigand began the quest for the Orb.
     0 | D:1      | Reached XP level 1. HP: 10/10 MP: 2/2
    84 | D:1      | Reached skill level 6 in Stealth
   351 | D:1      | Reached XP level 2. HP: 15/15 MP: 3/3
   912 | D:2      | Reached skill level 7 in Stealth
   912 | D:2      | Reached XP level 3. HP: 18/18 MP: 4/4
  1608 | D:3      | Reached XP level 4. HP: 23/23 MP: 5/5
  2024 | D:3      | Found a broken altar of Ashenzari.
  2027 | D:3      | Found a blossoming altar of Fedhas.
  2030 | D:3      | Found a hazy altar of Hepliaklqana.
  2066 | D:3      | Identified the +1 robe of Kulo {rElec Archmagi}
  2140 | D:3      | Learned a level 2 spell: Searing Ray
  2142 | D:3      | Learned a level 1 spell: Kiss of Death
  2171 | D:4      | Reached skill level 8 in Stealth
  2190 | D:4      | Found a snail-covered altar of Cheibriados.
  2389 | D:4      | Noticed a phantom
  2396 | D:4      | Killed a phantom
  2397 | D:4      | Reached XP level 5. HP: 26/26 MP: 6/6
  2675 | D:5      | Entered Level 5 of the Dungeon
  2675 | D:5      | Noticed an ogre
  2721 | D:5      | Found a sand-covered staircase.
  2730 | Ossuary  | Entered an ossuary
  2730 | Ossuary  | Noticed a wraith
  2730 | Ossuary  | Noticed a wraith
  2730 | Ossuary  | Noticed a wraith
  3083 | Ossuary  | Noticed a wraith
  3805 | Ossuary  | Slain by a wraith

Illustrated notes

Levels and vault maps discovered:
D:1:      elethiomel_arrival_quiet, layout_loops_cross
D:2:      layout_loops_ring
D:3:      layout_rooms, grunt_temple_overflow_diamond, minmay_misc_feat_x
D:4:      layout_cave_pools, cheibriados_altar_2
D:5:      layout_cave_pools, dk_yredelemnul_ordeal, nicolae_ossuary_entry_giza,
          uniq_edmund, uniq_menkaure
Ossuary:  ossuary_kennysheep_city_of_the_dead

Skill      XL: |  1  2  3  4  5 |
---------------+----------------+-----
Stealth        | 6 7 8 |  8.8
Short Blades   | 3 |  3.3
Throwing       | 3 |  3.2
Dodging        | 2 |  2.3
Fighting       | 2 |  2.0

Action                     |  1- 3 |  4- 6 || total
---------------------------+-------+-------++-------
  Melee: Dagger            |    83 |   154 ||   237
         Punch             |     1 |     2 ||     3
  Throw: Dart              |    25 |    45 ||    70
   Cast: Searing Ray       |       |     1 ||     1
   Stab: Sleeping          |    14 |     8 ||    22
         Distracted        |       |     1 ||     1
 Armour: Robe              |     8 |    23 ||    31
  Dodge: Dodged            |    45 |    97 ||   142

Table legend: (Time is in decaauts)
 A = Elapsed time spent in this place.
 B = Non-inter-level travel time spent in this place.
 C = Inter-level travel time spent in this place.
 D = Time resting spent in this place.
 E = Time spent auto-exploring this place.
 F = Levels seen in this place.
 G = Mean time per level.
                   A        B        C        D        E       F      G
               +--------+--------+--------+--------+--------+-----+--------+
         Total |   2524 |   2458 |     66 |      0 |   1442 |   6 |  420.7 |
       Dungeon |   1795 |   1729 |     66 |      0 |   1248 |   5 |  359.0 |
       Ossuary |    729 |    729 |      0 |      0 |    194 |   1 |  729.0 |
               +--------+--------+--------+--------+--------+-----+--------+

Top non-repeatable levels by time:
 Ossuary: 729 daAuts
     D:1: 508 daAuts
     D:3: 485 daAuts
     D:2: 448 daAuts
     D:4: 317 daAuts
     D:5: 35 daAuts
